 Dungeon Crawl Stone Soup version 0.27.1-2-g3b301248ec (webtiles) character file.

Game seed: 5889493766893333090

104 ABBCCCDDDD the Skirmisher (level 4, -1/33 HPs)
             Began as an Octopode Abyssal Knight on Sept 28, 2021.
             Was a Follower of Lugonu.
             Slain by a kobold (4 damage)
             ... on level 2 of the Dungeon.
             The game lasted 00:01:13 (1352 turns).

ABBCCCDDDD the Skirmisher (Octopode Abyssal Knight) Turns: 1352, Time: 00:01:13

Health: -1/33      AC:  1    Str: 17    XL:     4   Next: 80%
Magic:  5/5        EV: 13    Int: 15    God:    Lugonu [*.....]
Gold:   106        SH:  0    Dex: 11    Spells: 3/3 levels left

rFire    . . .     SeeInvis .   a - +1 falchion
rCold    . . .     Faith    .   (no shield)
rNeg     . . .     Spirit   .   (helmet restricted)
rPois    .         Reflect  .   (no amulet)
rElec    .         Harm     .   c - +6 ring of strength
rCorr    .         Rampage  .   (no ring)
Will     .....                  (no ring)
Stlth    ++........             (no ring)
HPRegen  0.11/turn              (no ring)
MPRegen  0.09/turn              (no ring)
                                (no ring)
                                (no ring)

@: slowed, very slow
A: almost no armour, amphibious, 8 rings, camouflage 1, gelatinous body 1,
(nimble swimmer 1), tentacles
a: Renounce Religion, Depart the Abyss


You were on level 2 of the Dungeon.
You worshipped Lugonu.
Lugonu was aware of your devotion.
You visited 1 branch of the dungeon, and saw 2 of its levels.
You visited the Abyss 1 time.

You collected 106 gold pieces.

Inventory:

Hand Weapons
 a - a +1 falchion (weapon)
Missiles
 b - 7 javelins
Jewellery
 c - a +6 ring of strength (left tentacle)
Scrolls
 d - a scroll of teleportation {unknown}
 e - a scroll of silence {unknown}
 f - 3 scrolls of identify {unknown}
 g - 2 scrolls of fog {unknown}
Potions
 h - a potion of ambrosia {unknown}
 i - 2 potions of heal wounds {unknown}


   Skills:
 + Level 4.3 Fighting
 + Level 3.6 Long Blades
 - Level 2.3 Dodging
 - Level 2.0 Invocations


You had 3 spell levels left.
You didn't know any spells.
Your spell library contained the following spells:

 Spells                   Type           Power      Damage    Failure   Level
 Summon Ice Beast         Ice/Summ       0%         N/A       95%         4
 Summon Mana Viper        Hex/Summ       0%         N/A       100%        5
 Monstrous Menagerie      Summ           0%         N/A       100%        7


Dungeon Overview and Level Annotations

Branches:
Dungeon (2/15)

Altars:


Innate Abilities, Weirdness & Mutations

You cannot wear most types of armour.
You are amphibious.
You can wear up to eight rings at the same time.
Your skin changes colour to match your surroundings (Stealth+).
Your rubbery body absorbs attacks. (AC +1, EV +1)
((You are camouflaged near water. (Stealth+)))
You have tentacles for arms and can constrict up to eight enemies at once.


Message History

A hobgoblin comes into view.
The bat barely misses you.
The kobold shouts!
The hobgoblin shouts!
You slash the bat!
You kill the bat!
Lugonu accepts your kill.
Natasha stares at you and mumbles some strange words.
You feel yourself slow down. Natasha casts a spell at you.
The magic dart hits you! Natasha claws you!
You are too injured to fight recklessly!
You are too injured to fight recklessly!
You are too injured to fight recklessly!
You are too injured to fight recklessly!
You closely miss Natasha. You grab Natasha. You constrict Natasha.
Natasha barely misses you.
You hit Natasha.
Natasha is heavily wounded.
You constrict Natasha!
Natasha extends her claws.
Natasha claws you but does no damage.
The kobold hits you with a +0 short sword.
Natasha closely misses you.
You hit Natasha.
You kill Natasha!
Lugonu accepts your kill.
Natasha screams in fury as she dies!
The kobold hits you with a +0 short sword.
The hobgoblin hits you but does no damage.
The kobold hits you with a +0 short sword.
* * * LOW HITPOINT WARNING * * *
The hobgoblin misses you.
You riposte.
You hit the hobgoblin. Your grab misses the hobgoblin.
The hobgoblin is lightly wounded.
The kobold misses you.
The hobgoblin hits you but does no damage.
The kobold closely misses you. The hobgoblin hits you.
* * * LOW HITPOINT WARNING * * *
The kobold hits you with a +0 short sword.
You die...

#.# ## #.# #........ #.#
#.........# #.#
#.........# #.#
#.........# #########.#
#.........# #.........#
#.........#
#†############.(.......#
#.# #....'@K...(...#
#.#######.####.g....†..##
#.........#
#.....(.......
########..#
#>............. #..#
#.#............ #..#
#.#.####....... #..#
#.#.# #####.. #... .....
. ....####.#


You could see a hobgoblin and a kobold.

Levels and vault maps discovered:
D:1:      dpeg_arrival_rhombus, layout_loops_ring,
          dreamdust_ecumenical_altar_hidden_monk_grotto, minmay_misc_feat_room
D:2:      layout_basic, uniq_jessica, uniq_natasha

Notes
Turn   | Place    | Note
-------+----------+-------------------------------------------
     0 | Abyss:1  | ABBCCCDDDD the Octopode Abyssal Knight began the quest for
                  | the Orb.
     0 | Abyss:1  | Reached XP level 1. HP: 16/16 MP: 2/2
    54 | Abyss:2  | Noticed a small abomination
    69 | Abyss:2  | Noticed a large abomination
    69 | Abyss:2  | Noticed a ynoxinul
    70 | D:1      | Escaped the Abyss
   260 | D:1      | Found a faded altar of an unknown god.
   350 | D:1      | Reached XP level 2. HP: 20/21 MP: 3/3
   925 | D:2      | Noticed Jessica
   927 | D:2      | Killed Jessica
   928 | D:2      | Reached XP level 3. HP: 23/27 MP: 4/4
  1033 | D:2      | Reached * piety under Lugonu
  1235 | D:2      | Noticed Natasha
  1244 | D:2      | Killed Natasha
  1245 | D:2      | Reached skill level 4 in Fighting
  1245 | D:2      | Reached XP level 4. HP: 25/33 MP: 5/5
  1339 | D:2      | Noticed Natasha
  1347 | D:2      | Killed Natasha
  1352 | D:2      | Slain by a kobold

Table legend: (Time is in decaauts)
 A = Elapsed time spent in this place.
 B = Non-inter-level travel time spent in this place.
 C = Inter-level travel time spent in this place.
 D = Time resting spent in this place.
 E = Time spent auto-exploring this place.
 F = Levels seen in this place.
 G = Mean time per level.
                   A        B        C        D        E       F      G
               +--------+--------+--------+--------+--------+-----+--------+
         Total |   1361 |   1346 |     15 |      0 |   1104 |   4 |  340.2 |
       Dungeon |   1291 |   1276 |     15 |      0 |   1090 |   2 |  645.5 |
         Abyss |     69 |     69 |      0 |      0 |     14 |   2 |   34.5 |
               +--------+--------+--------+--------+--------+-----+--------+

Top non-repeatable levels by time:
     D:1: 719 daAuts
     D:2: 572 daAuts
 Abyss:2: 37 daAuts
 Abyss:1: 32 daAuts

Table legend:
 A = Kills in this place as a percentage of kills in entire the game.
 B = Kills by you in this place as a percentage of kills by you in the entire game.
 C = Kills by friends in this place as a percentage of kills by friends in the entire game.
 D = Other kills in this place as a percentage of other kills in the entire game.
 E = Experience gained in this place as a percentage of experience gained in the entire game.
 F = Experience gained in this place divided by the number of levels of this place that you have seen.
                   A       B       C       D       E      F
               +-------+-------+-------+-------+-------+----------------------
         Total | 100.0 | 100.0 |   N/A |   N/A | 100.0 |  37.2
       Dungeon | 100.0 | 100.0 |   N/A |   N/A | 100.0 |  74.5
               +-------+-------+-------+-------+-------+----------------------

Action                   |  1- 3 |  4- 6 || total
-------------------------+-------+-------++-------
Melee: Falchion          |    33 |     6 ||    39
       Constrict         |     9 |     4 ||    13
       Tentacles         |     4 |       ||     4
Invok: Depart the Abyss  |     1 |       ||     1
 Stab: Sleeping          |     6 |       ||     6
Armor: Skin              |     1 |     5 ||     6
Dodge: Dodged            |    13 |     9 ||    22
       Rpst.: Falchion   |     4 |     3 ||     7

Vanquished Creatures
  Jessica (D:2)
  Natasha (twice) (D:2)
  An adder (D:2)
  An endoplasm (D:1)
  2 goblins (D:1)
  2 hobgoblins
  2 quokkas (D:2)
  5 ball pythons (D:1)
  3 bats
  2 frilled lizards (D:1)
  2 rats (D:1)
23 creatures vanquished.
